Arrhythmia, neutral female human Tourist @ Arrhythmia the Peregrinatrix Experience level: 10 Strength: 17 Dexterity: 15 Constitution: 18 Intelligence: 15 Wisdom: 11 Charisma: 11 Health: 0(88) Energy: 38(38) AC: -1 Gold: 77 Moves: 13463 Your Inventory: Coins $ - 77 gold pieces Weapons a - 13 uncursed +2 darts d - 6 blessed +1 daggers (in quiver) g - an [uncursed +0 thirsty] dwarvish short sword Y - 4 uncursed rusty corroded +3 daggers named Well, shit (wielded) Armor h - an [uncursed] +0 pair of elven boots (being worn) i - an [uncursed] +0 hard hat [of brilliance (dwarvish iron helm)] (being worn) k - an uncursed +0 Hawaiian shirt r - an uncursed +1 pair of jackboots [high] P - an uncursed +0 pair of padded gloves [leather] Q - an [uncursed] +0 hard hat [dwarvish iron helm] W - an [uncursed] +0 dwarvish mithril-coat (being worn) Z - an [uncursed] +0 cloak of displacement (being worn) Comestibles l - an [uncursed stale] egg m - 2 [uncursed] tripe rations x - 4 [uncursed] food rations Scrolls n - an [uncursed] scroll labeled GARVEN DEH [of enchant armor] B - an [uncursed] scroll of create monster O - 2 cursed scrolls of gold detection R - an [uncursed] unlabeled scroll [of blank paper] S - a [blessed] unlabeled scroll [of blank paper] U - a [cursed] unlabeled scroll [of blank paper] Potions v - 2 uncursed potions of sickness D - an [uncursed] steamy potion [of sleeping] F - an [uncursed] potion of extra healing H - an [uncursed] yellow potion [of blindness] M - a cursed potion of confusion Rings s - an uncursed ring of levitation Wands b - an [uncursed] wand of striking (0:0) p - an [uncursed] wand of speed monster [0:3] t - an [uncursed] wand called make invis [of make invisible (0:2)] A - an [uncursed] wand of lightning [0:0] G - an uncursed wand of digging [0:2] L - an [uncursed] wand of striking [0:1] Tools e - 2 [uncursed tallow] candles o - an [uncursed] magic whistle w - an [uncursed magic] lamp called Magic! J - an uncursed towel T - an uncursed tinning kit [0:78] V - an uncursed skeleton key Gems j - an [uncursed] black gem [worthless glass] q - 2 [uncursed] white gems [dilithium crystal] Spells known in the end: Name Level Category Fail Memory Your skills at the end: Fighting Skills body armor [Basic / Basic] Weapon Skills dagger [Expert / Expert] dart [Skilled / Expert] Spellcasting Skills Final Attributes: You were piously aligned. Hunger level was 809. Your alignment was 76 / 77. Monster difficulty range was 1 - 10. Level difficulty was 11. You resisted cold. You were blinded. You were telepathic. You had automatic searching. You were displaced. You were stealthy. You were swallowed by an air elemental (5). You were lucky (1). You are dead. Vanquished creatures: a wumpus a giant zombie a winter wolf a small mimic 2 rodents of unusual size an ettin mummy an ogre lord a gelatinous cube a large dog a shocking sphere a large cat 2 tengu 3 stone giants an elf mummy 2 watchmen 2 crocodiles a giant beetle a cockatrice a wolf 2 winter wolf cubs an orc-captain a giant spider a scorpion 2 black lights 2 gnome kings 4 ogres a brown pudding a yeti 3 gold golems a housecat 4 dwarf lords a plains centaur 3 snakes 5 human zombies a rope golem 2 Woodland-elves a snow ant 3 bugbears 2 quasits 3 Mordor orcs 2 enormous rats 2 rock moles a pony a fog cloud 2 yellow lights a shrieker a violet fungus 12 gnome lords 6 gnomish wizards 2 kobold mummies a golden naga hatchling 2 gray oozes a barrow wight a straw golem a paper golem a wax golem a little dog 5 floating eyes 2 kittens 21 dwarves 4 homunculi a kobold lord a rothe 2 centipedes 3 giant bats a monkey 5 iguanas 28 killer bees 4 acid blobs a coyote a gas spore 4 hobbits 9 manes a large kobold a hobgoblin 2 giant rats 5 cave spiders 2 yellow molds 87 gnomes 7 garter snakes 5 geckos 10 jackals 4 foxes 3 kobolds 4 goblins 8 sewer rats 5 grid bugs a bat 6 lichens 6 kobold zombies 8 newts 364 creatures vanquished. Voluntary challenges: You used a wielded weapon 572 times. You read items or engraved 295 times. You put on armor 44 times. You never genocided any monsters. You never polymorphed an object. You never changed form. You used no wishes. You wrote Elbereth's name 73 times. You never encountered a bones level. You never used any Sokoban shortcuts. Dungeon overview: The Dungeons of Doom: levels 1 to 3 Level 1 a fountain, a sink a long staircase Level 2 a general store, a fountain portal to Advent Calendar Level 3 an armor shop stairs to The Gnomish Mines The Gnomish Mines: levels 4 to 11 Level 4 stairs to The Dungeons of Doom Level 7 many shops, a temple to The Lady, a magic chest, some fountains Level 11 (incubus) <- You were here Advent Calendar: Level 4 many trees portal to The Dungeons of Doom History has recorded: On T:1 you entered the Dungeons of Doom to retrieve the Amulet of Yendor! On T:400 you reached level 2 of The Dungeons of Doom. On T:541 you advanced to experience level 2. On T:775 you reached level 1 of Advent Calendar. On T:1335 you advanced to experience level 3. On T:1740 you advanced to experience level 4. On T:2473 you advanced to experience level 5. On T:2523 you reached level 3 of The Dungeons of Doom. On T:3372 you reached level 1 of The Gnomish Mines. On T:3528 you advanced to experience level 6. On T:4467 you reached level 2 of The Gnomish Mines. On T:4514 you advanced to experience level 7. On T:4543 you reached level 3 of The Gnomish Mines. On T:5046 you reached level 4 of The Gnomish Mines. On T:5153 you advanced to experience level 8. On T:7220 you advanced to experience level 9. On T:7488 you received Cleaver from The Lady. On T:7764 you reached level 5 of The Gnomish Mines. On T:10549 you advanced to experience level 10. On T:11351 you reached level 6 of The Gnomish Mines. On T:12859 you reached level 7 of The Gnomish Mines. On T:13026 you reached level 8 of The Gnomish Mines. Latest messages: Never mind. You hit the giant beetle. It engulfs you! You are pummeled with debris! (3x) [HP-15=66] You hit the air elemental. You are pummeled with debris! (3x) [HP-19=47] You hit the air elemental. You are pummeled with debris! (3x) [HP-22=25] You feel an absence of magical power. You are pummeled with debris! (3x) [HP-17=8] The wand hits the air elemental! You are pummeled with debris! (2x) You die... Final status: Aloha Arrhythmia the Tourist... You died in The Gnomish Mines on dungeon level 11 with 1072 points, and 77 pieces of gold, after 13463 moves. You were level 10 with a maximum of 88 hit points when you died.